 Dungeon Crawl Stone Soup version 0.32-a0-607-g64ea0e4219 (webtiles) character file.

Game seed: 5135083676878322296

20543 jasper the Grappler (level 12, -4/148 HPs)
             Began as a Demonspawn Cinder Acolyte on Mar 3, 2024.
             Was a Believer of Ignis.
             Slain by Amaemon
             ... wielding a +1 demon whip of venom
              (5 damage)
             ... on level 1 of the Lair of Beasts.
             The game lasted 00:18:35 (10245 turns).

jasper the Grappler (Demonspawn Cinder Acolyte)    Turns: 10245, Time: 00:18:36

Health: -4/148     AC:  8    Str: 12    XL:     12   Next: 46%
Magic:  13/13      EV: 12    Int: 14    God:    Ignis [**....]
Gold:   1182       SH: 12    Dex: 14    Spells: 13/13 levels left

rFire   + +          .
                       - Unarmed
rCold   . . .        a - +0 tower shield {rF+}
rNeg    + . .        H - +0 leather armour {rPois}
rPois   +            X - +1 hat
rElec   .            c - +0 cloak
rCorr   +            w - +2 pair of gloves of Dithmenos {rN+ Will+ rCorr Str-3}
SInv    .            (no boots)
Will    ++...        E - amulet of regeneration Stlth
                     f - ring of willpower
HPRegen 1.24/turn    s - ring of flight
MPRegen 0.13/turn

%: no passive effects
@: berserking, lethally poisoned (-4 -> -5), flying, very quick
A: antennae 1, repulsion field 1, spiny 3, demonic magic 3
a: Renounce Religion, Fiery Armour, Foxfire Swarm, Rising Flame


You were on level 1 of the Lair of Beasts.
You worshipped Ignis.
Ignis was pleased with you.
You visited 2 branches of the dungeon, and saw 13 of its levels.
You also visited: Volcano.

You collected 2032 gold pieces.
You spent 850 gold pieces at shops.

Inventory:

Missiles
 k - 27 poisoned darts
 M - 13 boomerangs (quivered)
 O - 8 curare-tipped darts
 W - 6 javelins
 Z - 3 darts of dispersal
Armour
 a - a +0 tower shield of fire resistance (worn)
 c - a +0 cloak (worn)
 w - the +2 pair of gloves of Dithmenos (worn) {rN+ Will+ rCorr Str-3}
   (You bought it in a shop on level 4 of the Dungeon)

   Str-3:     It affects your strength (-3).
   rN+:       It protects you from negative energy.
   Will+:     It increases your willpower.
   rCorr:     It protects you from acid and corrosion.
 H - a +0 leather armour of poison resistance (worn)
 L - a +0 hat
 X - a +1 hat (worn)
Jewellery
 f - a ring of willpower (left hand)
 g - an amulet of reflection
 h - a ring of magical power
 l - a ring of fire
 s - a ring of flight (right hand)
 y - a +6 ring of intelligence
 C - a ring of magical power
 E - an amulet of regeneration (around neck)
 F - a +6 ring of intelligence
 K - a ring of willpower
 V - a ring of protection from fire
Talismans
 Y - a maw talisman
Wands
 v - a wand of polymorph (6)
 x - a wand of iceblast (10)
 A - a wand of flame (32)
 G - a wand of digging (5)
 I - a wand of paralysis (24)
 S - a wand of mindburst (7)
Scrolls
 i - a scroll of enchant weapon
 q - 3 scrolls of immolation
 u - a scroll of blinking
 D - a scroll of amnesia
 J - a scroll of revelation
 N - 6 scrolls of teleportation
 P - 3 scrolls of identify
 R - a scroll of vulnerability
 U - a scroll of fear
Potions
 b - a potion of enlightenment
 j - 7 potions of haste
 n - a potion of resistance
 o - 5 potions of might
 r - 2 potions of brilliance
 t - a potion of magic
 z - 2 potions of invisibility
 B - a potion of mutation
 Q - a potion of curing
 T - a potion of attraction


   Skills:
 - Level 10.7 Fighting
 - Level 9.3 Dodging
 + Level 1.4 Shields
 - Level 13.4 Unarmed Combat
 - Level 1.0 Spellcasting
 - Level 2.6 Fire Magic
 - Level 5.0 Evocations


You had 13 spell levels left.
You didn't know any spells.
Your spell library contained the following spells:

 Spells                   Type           Power      Damage    Failure   Level
 Scorch                   Fire           16%        2d5       99%         2
 Kiss of Death            Conj/Necr      0%         2d5       100%        1
 Summon Small Mammal      Summ           0%         N/A       100%        1
 Ensorcelled Hibernation  Hex/Ice        0%         N/A       100%        2
 Lesser Beckoning         Tloc           0%         N/A       100%        2
 Call Canine Familiar     Summ           0%         N/A       100%        3
 Confusing Touch          Hex            0%         N/A       100%        3
 Gell's Gravitas          Tloc           0%         N/A       100%        3
 Passwall                 Erth           0%         N/A       100%        3
 Swiftness                Air            0%         N/A       100%        3
 Teleport Other           Tloc           0%         N/A       100%        3
 Cause Fear               Hex            0%         N/A       100%        4
 Dispel Undead            Necr           0%         3d6       100%        4
 Summon Blazeheart Golem  Fire/Summ      4%         N/A       100%        4
 Fireball                 Conj/Fire      2%         3d4       100%        5
 Dragon's Call            Summ           0%         N/A       100%        9


Dungeon Overview and Level Annotations

Branches:
Dungeon (12/15)            Temple (0/1) D:6            Lair (1/5) D:10
Volcano (visited)
    Orc: D:9-12

Altars:
Ashenzari
Kikubaaqudgha
Makhleb
Wu Jian

Shops:
D:2 :   D:3 *   D:4 **[:(   D:7 (   D:9 *

Annotations:
D:4 2 transporters, dialectric's ghost, amateur OpBr
Lair:1 Amaemon


Innate Abilities, Weirdness & Mutations

You have a pair of small antennae on your head.
You are surrounded by a mild repulsion field. (EV +2)
You are completely covered in sharp spines.
Spells you cast and wands you use may paralyse nearby enemies.


Message History

You take 4 damage, and have 23/99 hp.
You hit Amaemon.
Amaemon is moderately wounded.
You feel sick. Amaemon barely misses you. You block Amaemon's attack.
Amaemon tail-slaps you.
* * * LOW HITPOINT WARNING * * *
You take 4 damage, and have 19/99 hp.
A red film seems to cover your vision as you go berserk!
You feel yourself moving faster!
You feel mighty!
You feel sick. Amaemon is struck by your spines.
Amaemon hits you with a +1 demon whip of venom!
* * * LOW HITPOINT WARNING * * *
You are more poisoned.
Amaemon claws you!
* * * LOW HITPOINT WARNING * * *
You block Amaemon's attack.
You now have 15/148 hp.
You pummel Amaemon!!
Amaemon is severely wounded.
You feel very sick.
Amaemon hits you with a +1 demon whip of venom.
* * * LOW HITPOINT WARNING * * *
Amaemon claws you.
* * * LOW HITPOINT WARNING * * *
You block Amaemon's attack.
You take 10 damage, and have 5/148 hp.
You are too berserk!
You punch Amaemon!
Amaemon is severely wounded.
You feel sick. Amaemon barely misses you. You block Amaemon's attack.
Amaemon tail-slaps you.
* * * LOW HITPOINT WARNING * * *
You take 3 damage, and have 2/148 hp.
You barely miss Amaemon.
Amaemon is severely wounded.
* * * LOW HITPOINT WARNING * * *
You feel sick. Amaemon is struck by your spines.
Amaemon hits you with a +1 demon whip of venom.
You die...
Ignis goes out, and joins you in death.

......##......#..~~...
......#.......#~...~.
.............##.....
.......#รท#...##...###
......##.#...##.....##
......##.#...##......#
.#....##.#.#.........###
.#..#..#...#.#.........#
...##.##.#.#.#..@.......
...##.##.#.......6.^....
.......#...#....^.......
...##.#....#............
...##...................
...#..##...^..^....^....
....#.##........^^......
...##.##.....^^..^^.^...
......##.........^...


You could see Amaemon.

Vanquished Creatures
  Gastronok (Lair:1)
  A centaur warrior (Volcano)
  2 two-headed ogres
  A hell knight (Volcano)
  Sonja (Lair:1)
  Urug (Lair:1)
  A cyclops (D:11)
  An orange demon (Lair:1)
  A molten gargoyle (Volcano)
  A gargoyle (D:10)
  3 komodo dragons (Lair:1)
  3 yaktaurs (Volcano)
  A polar bear (Lair:1)
  A troll (D:11)
  2 shadows
  Sigmund (D:5)
  2 vampires (D:10)
  25 yaks
  6 fire bats
  3 steam dragons
  8 vampire mosquitoes (D:11)
  An acid dragon (D:9)
  Menkaure (D:5)
  4 water moccasins (Lair:1)
  2 black bears
  6 orc warriors
  A sky beast (D:7)
  3 ogres
  6 wolves
  5 centaurs
  A phantom (D:5)
  9 bullfrogs
  2 kobold brigands
  A gnoll sergeant (D:11)
  2 scorpions
  15 wights
  5 killer bees (D:10)
  3 howler monkeys (D:11)
  4 lava snakes (Volcano)
  3 bombardier beetles
  3 gnoll boudas
  2 hounds (D:5)
  4 orc priests
  A sleepcap (D:7)
  3 iguanas
  21 orc wizards
  21 gnolls
  8 adders
  2 shadow imps
  A white imp (D:6)
  A ribbon worm (D:4)
  4 dart slugs
  40 orcs
  8 ball pythons
  5 bats
  8 endoplasms
  3 giant cockroaches
  12 goblins
  4 hobgoblins
  2 jackals (D:1)
  13 kobolds
  3 quokkas
  2 frilled lizards
  7 rats
318 creatures vanquished.

Vanquished Creatures (others)
  A bombardier beetle (D:5)
  2 orc wizards (D:8)
  An orc (D:10)
4 creatures vanquished.

Grand Total: 322 creatures vanquished

Notes
Turn   | Place    | Note
-------+----------+-------------------------------------------
     0 | D:1      | jasper the Demonspawn Cinder Acolyte began the quest for
                  | the Orb.
     0 | D:1      | Reached XP level 1. HP: 18/18 MP: 2/2
   129 | D:1      | Reached skill level 3 in Unarmed Combat
   129 | D:1      | Gained mutation: Spells you cast may paralyse adjacent
                  | enemies. [demonic ancestry]
   129 | D:1      | Reached XP level 2. HP: 23/24 MP: 3/3
   438 | D:1      | Found a faded altar of an unknown god.
   562 | D:1      | Reached skill level 1 in Dodging
   596 | D:1      | Gained mutation: You have a pair of small antennae on your
                  | head. [demonic ancestry]
   596 | D:1      | Reached XP level 3. HP: 29/29 MP: 4/4
  1033 | D:2      | Found Nousiu's Book Emporium.
  1331 | D:2      | Gained mutation: You are partially covered in sharp spines.
                  | [demonic ancestry]
  1331 | D:2      | Reached XP level 4. HP: 35/35 MP: 5/5
  1385 | D:2      | Reached skill level 4 in Unarmed Combat
  1473 | D:2      | Reached XP level 5. HP: 20/42 MP: 6/6
  2004 | D:3      | Found Ziubik's Assorted Antiques.
  2013 | D:3      | Bought a pink potion for 22 gold pieces
  2013 | D:3      | Bought a murky black potion for 22 gold pieces
  2013 | D:3      | Bought a pink potion for 22 gold pieces
  2013 | D:3      | Bought a coppery potion for 22 gold pieces
  2587 | D:4      | Found a transporter.
  2587 | D:4      | Noticed dialectric's ghost (amateur OpBr)
  2590 | D:4      | Found a transporter.
  2640 | D:4      | Found Banixory's Assorted Antiques.
  2647 | D:4      | Bought a scroll labelled PIEHYMM GE JU BETI for 24 gold
                  | pieces
  2647 | D:4      | Bought a scroll labelled TAUHICR SOCK for 24 gold pieces
  2648 | D:4      | Acquired 1125 gold pieces
  2650 | D:4      | Bought a potion of haste for 240 gold pieces
  2650 | D:4      | Bought a scroll of identify for 48 gold pieces
  2668 | D:4      | Found Amy Nias's General Store.
  2676 | D:4      | Bought a potion of enlightenment for 50 gold pieces
  2676 | D:4      | Bought a scroll of immolation for 40 gold pieces
  2676 | D:4      | Bought a potion of brilliance for 40 gold pieces
  2806 | D:4      | Gained mutation: You are mostly covered in sharp spines.
                  | [demonic ancestry]
  2806 | D:4      | Reached XP level 6. HP: 41/48 MP: 7/7
  2909 | D:4      | Found Fatiobuo's Antique Armour Emporium.
  2914 | D:4      | Bought a pair of spiked gloves for 256 gold pieces
  2914 | D:4      | Identified the +2 pair of gloves of Dithmenos {rN+ Will+
                  | rCorr Str-3} (You bought it in a shop on level 4 of the
                  | Dungeon)
  3069 | D:4      | Found Jyemust's Weapon Boutique.
  3303 | D:4      | Found Pueporphi's Book Emporium.
  3425 | D:5      | Entered Level 5 of the Dungeon
  3425 | D:5      | Noticed Menkaure
  3431 | D:5      | Killed Menkaure
  3432 | D:5      | Reached skill level 5 in Unarmed Combat
  3506 | D:5      | Noticed Sigmund
  3520 | D:5      | Killed Sigmund
  3521 | D:5      | Gained mutation: Spells you cast may paralyse nearby
                  | enemies. [demonic ancestry]
  3521 | D:5      | Reached XP level 7. HP: 39/55 MP: 8/8
  3776 | D:5      | Reached skill level 5 in Fighting
  3784 | D:5      | Reached skill level 6 in Unarmed Combat
  4178 | D:5      | Reached XP level 8. HP: 38/63 MP: 9/9
  4298 | D:5      | Found a burning altar of Makhleb.
  4300 | D:5      | Noticed a balrug
  4319 | D:6      | Found a staircase to the Ecumenical Temple.
  4742 | D:6      | Reached skill level 7 in Unarmed Combat
  4960 | D:6      | Found an ornate altar of the Wu Jian Council.
  5556 | D:7      | Reached skill level 5 in Dodging
  5598 | D:7      | Reached skill level 8 in Unarmed Combat
  5657 | D:7      | Reached XP level 9. HP: 58/71 MP: 10/10
  5945 | D:7      | Found Bocseecs's Weapon Shoppe.
  5945 | D:7      | Noticed a +0 demon blade
  5945 | D:7      | Noticed a +0 great mace
  6125 | D:8      | Noticed a two-headed ogre
  6131 | D:8      | Killed a two-headed ogre
  6132 | D:8      | Reached skill level 9 in Unarmed Combat
  6673 | D:9      | You are sucked into a shaft and drop 1 floor!
  6673 | D:10     | Entered Level 10 of the Dungeon
  6804 | D:9      | Found an ancient bone altar of Kikubaaqudgha.
  6805 | D:9      | Found a broken altar of Ashenzari.
  6861 | D:9      | Found Caerch's Fire Supplies.
  6877 | D:9      | Bought a scroll of immolation for 40 gold pieces
  6948 | D:9      | Gained mutation: Spells you cast and wands you use may
                  | paralyse nearby enemies. [demonic ancestry]
  6948 | D:9      | Reached XP level 10. HP: 64/79 MP: 11/11
  7038 | D:9      | Reached skill level 10 in Unarmed Combat
  7352 | D:10     | HP: 4/80 [something (8)]
  7701 | D:10     | Found a staircase to the Lair.
  7786 | D:10     | Reached skill level 11 in Unarmed Combat
  7982 | D:10     | Noticed a gargoyle
  8003 | D:10     | Killed a gargoyle
  8316 | D:11     | Gained mutation: You are surrounded by a mild repulsion
                  | field. (EV +2) [demonic ancestry]
  8316 | D:11     | Reached XP level 11. HP: 65/89 MP: 12/12
  8767 | D:11     | Reached skill level 12 in Unarmed Combat
  8880 | D:11     | Noticed a two-headed ogre
  8886 | D:11     | Killed a two-headed ogre
  8918 | D:11     | Reached skill level 1 in Evocations
  9205 | D:12     | Noticed a centaur warrior
  9205 | D:12     | Noticed a boulder beetle
  9278 | Lair:1   | Entered Level 1 of the Lair of Beasts
  9349 | Lair:1   | Noticed Urug
  9365 | Lair:1   | Killed Urug
  9506 | Lair:1   | Reached skill level 5 in Evocations
  9637 | Lair:1   | Noticed Sonja
  9646 | Lair:1   | Killed Sonja
  9647 | Lair:1   | Reached skill level 10 in Fighting
  9672 | Lair:1   | Noticed Gastronok
  9688 | Lair:1   | Killed Gastronok
  9689 | Lair:1   | Gained mutation: You are completely covered in sharp
                  | spines. [demonic ancestry]
  9689 | Lair:1   | Reached XP level 12. HP: 68/97 MP: 13/13
  9836 | Lair:1   | Found a dark tunnel.
  9847 | Volcano  | Entered a volcano
  9874 | Volcano  | Reached skill level 13 in Unarmed Combat
  9984 | Volcano  | Found a burning altar of Makhleb.
  9985 | Volcano  | Noticed a centaur warrior
  9994 | Volcano  | Killed a centaur warrior
 10199 | Lair:1   | Noticed Amaemon
 10220 | Lair:1   | Reached skill level 1 in Shields
 10243 | Lair:1   | HP: 5/148 [Amaemon/+1 demon whip of venom (5)]
 10244 | Lair:1   | HP: 2/148 [Amaemon/+1 demon whip of venom (2)]
 10245 | Lair:1   | Slain by Amaemon

Illustrated notes

Levels and vault maps discovered:
D:1:      dpeg_arrival_tiny_d, layout_basic, shapermc_ecumenical_altar_gd
D:2:      layout_rooms, serial_shops, shop, serial_curves, eino_curves_02,
          eino_curves_02, eino_curves_01
D:3:      layout_basic, serial_shops, nicolae_shop_overgrown_old_shop
D:4:      kennysheep_spiral_hall, layout_basic, serial_shops,
          nicolae_shop_trees, nicolae_shop_tiny_statue_garden, shop, shop,
          nicolae_shop_hallway_stairs, gammafunk_ghost_arena,
          minmay_fountain_box, hangedman_decor_opposing
D:5:      layout_loops_ring, makhleb_altar_promises_db, uniq_sigmund,
          uniq_menkaure
D:6:      layout_gridville, kennysheep_mini, minmay_temple_entry_tees,
          minmay_misc_feat_encased, nicolae_figureground_sparkle
D:7:      layout_cave_pools, mainiacjoe_overflow_tiny_flanked, serial_shops,
          nicolae_shop_mannequins, serial_bayou_crossing
D:8:      layout_rooms, kennysheep_crisscross, minmay_stone_trees_medium,
          minmay_misc_feat_cross, minivault_25
D:9:      layout_small_grid, nicolae_overflow_two_pavilions,
          nicolae_shop_fire_sale [nicolae_sub_dead_trees]
D:10:     cheibrodos_steamvent, layout_cave_pools, elyvilon_altar_1,
          erik_lair_orcish_takeover, chequers_arboretum
D:11:     layout_gridville
D:12:     layout_gridville, orc_0_dummy, uniq_nessos
Lair:1:   layout_long_grid, nicolae_volcano_entry_batcave, minmay_holes,
          chequers_serial_rivers_micro_c, beast_lair_carwin_10, uniq_amaemon,
          uniq_gastronok, uniq_sonja, uniq_urug

Skill      XL: |  1  2  3  4  5  6  7  8  9 10 11 12 |
---------------+-------------------------------------+-----
Unarmed Combat | 3 4 5 6 8 9 11 12 13 | 13.4
Dodging        | 1 2 3 4 5 6 7 8 9 |  9.3
Fighting       | 4 5 6 7 9 10 | 10.7
Evocations     | 5 |  5.0
Shields        | 1 |  1.4
Spellcasting   | |  1.0
Fire Magic     | |  2.6

Action                     |  1- 3 |  4- 6 |  7- 9 | 10-12 || total
---------------------------+-------+-------+-------+-------++-------
  Melee: Unarmed           |   146 |   136 |   304 |   485 ||  1071
         Punch             |     1 |     3 |    16 |    43 ||    63
  Throw: Stone             |     2 |       |       |       ||     2
         Dart              |     3 |     7 |    18 |     1 ||    29
         Boomerang         |       |       |    20 |     2 ||    22
 Invoke: Fiery Armour      |       |       |     3 |     5 ||     8
  Evoke: Wand              |       |       |     6 |     6 ||    12
    Use: Scroll            |     4 |    10 |     6 |     1 ||    21
         Potion            |       |       |     3 |     6 ||     9
   Stab: Paralysed         |       |       |       |     6 ||     6
 Armour: Robe              |    32 |       |       |       ||    32
         Ring mail         |    60 |    48 |   122 |       ||   230
         Leather armour    |       |       |    63 |   330 ||   393
  Dodge: Dodged            |    80 |    33 |   127 |   384 ||   624
  Block: Other             |     8 |    23 |    24 |       ||    55
         Reflection        |     1 |       |     1 |       ||     2
         Tower shield      |       |       |       |    14 ||    14

Table legend: (Time is in decaauts)
 A = Elapsed time spent in this place.
 B = Non-inter-level travel time spent in this place.
 C = Inter-level travel time spent in this place.
 D = Time resting spent in this place.
 E = Time spent auto-exploring this place.
 F = Levels seen in this place.
 G = Mean time per level.
                   A        B        C        D        E       F      G
               +--------+--------+--------+--------+--------+-----+--------+
         Total |  10111 |   9809 |    302 |    618 |   6519 |  14 |  722.2 |
       Dungeon |   9182 |   8880 |    302 |    496 |   6230 |  12 |  765.2 |
          Lair |    624 |    624 |      0 |     53 |    254 |   1 |  624.0 |
       Volcano |    304 |    304 |      0 |     68 |     35 |   1 |  304.0 |
               +--------+--------+--------+--------+--------+-----+--------+

Top non-repeatable levels by time:
    D:11: 1077 daAuts
     D:1: 1020 daAuts
     D:6: 1005 daAuts
     D:5: 884 daAuts
     D:4: 868 daAuts
    D:10: 839 daAuts
     D:2: 802 daAuts
     D:9: 715 daAuts
     D:3: 714 daAuts
     D:7: 660 daAuts
  Lair:1: 624 daAuts
     D:8: 571 daAuts
 Volcano: 304 daAuts
    D:12: 24 daAuts
